 Dungeon Crawl Stone Soup version 0.15-a0-2151-gce93697 (webtiles) character file.

32217 Kenran the Minotaur Blade (level 13, -16/113 HPs)
             Began as a Minotaur Berserker on July 19, 2014.
             Was the Champion of Trog.
             Engulfed by a fire crab's flame (26 damage)
             ... on Level 6 of the Lair of Beasts.
             The game lasted 00:48:07 (19618 turns).

Kenran the Minotaur Blade (Minotaur Berserker)     Turns: 19618, Time: 00:48:07

HP -16/113       AC 17     Str 30      XL: 13   Next: 30%
MP   5/5         EV  7     Int  4      God: Trog [******]
Gold 990         SH  0     Dex 16      Spells:  0 memorised, 12 levels left

rFire  . . .     SeeInvis .     E - +5 claymore (flame)
rCold  . . .     Clarity  +     r - +0 plate armour
rNeg   . . .     rCorr    .     (no shield)
rPois  +         rRot     .     F - +1 hat of the Shining Light {Dex+2 Curse}
rElec  +         Spirit   .     j - +0 cloak
SustAb .         Warding  .     G - +0 pair of gloves
rMut   .         Stasis   .     (no boots)
Gourm  .                        t - amulet "Khi Khif" {Clar rElec Str+1}
MR     .....                    o - ring of poison resistance
                                b - +6 ring of strength

@: very slightly contaminated, not resistant to hostile enchantments, extremely
unstealthy
A: retaliatory headbutt, horns 2
a: Burn Spellbooks, Berserk, Trog's Hand, Brothers in Arms, Renounce Religion


You were on level 6 of the Lair of Beasts.
You worshipped Trog.
Trog was exalted by your worship.
You were not hungry.

You visited 2 branches of the dungeon, and saw 17 of its levels.

You collected 990 gold pieces.

Inventory:

Hand weapons
 E - a +5 claymore of flaming (weapon)
 O - a +5 antimagic claymore
Armour
 j - a +0 cloak (worn)
 r - a +0 plate armour (worn)
 F - the +1 hat of the Shining Light (worn) {Dex+2 Curse}
   (You acquired it on level 3 of the Lair of Beasts)

   It affects your dexterity (+2).
   It may recurse itself when equipped.
 G - a +0 pair of gloves (worn)
Magical devices
 p - a wand of flame (7)
 s - a wand of fire (5) {unknown}
 v - a wand of teleportation (6) {unknown}
 w - a wand of flame (18)
 y - a wand of flame (7)
 A - a wand of frost (6) {unknown}
 C - a wand of magic darts (6)
 I - a wand of confusion (8) {unknown}
 K - a wand of lightning (3) {unknown}
 Q - a wand of magic darts (10)
 R - a wand of slowing (13) {unknown}
 S - a wand of disintegration (7) {unknown}
Comestibles
 c - 16 bread rations
 n - 5 meat rations
 J - a slice of pizza
 P - 2 rotting chunks of yak flesh
Scrolls
 a - 3 scrolls of fog
 e - a scroll of enchant armour
 f - 10 scrolls of identify
 g - 7 scrolls of teleportation
 l - 2 scrolls of recharging
 u - 2 scrolls of enchant weapon
 x - 3 scrolls of remove curse
 z - 2 scrolls of blinking
 M - 2 scrolls of fear
Jewellery
 b - a +6 ring of strength (left hand)
 o - a ring of poison resistance (right hand)
 t - the amulet "Khi Khif" (around neck) {Clar rElec Str+1}
   (You found it on level 6 of the Dungeon)

   [amulet of clarity]

   It provides mental clarity.
   It affects your strength (+1).
   It insulates you from electricity.
Potions
 d - 5 potions of agility
 h - a potion of mutation {unknown}
 i - a potion of heal wounds
 k - 2 potions of curing {unknown}
 m - a potion of cancellation {unknown}
 q - a potion of porridge
 B - 2 potions of restore abilities
 D - 2 potions of invisibility {unknown}
 H - 2 potions of flight {unknown}
 L - a potion of haste {unknown}
 N - a potion of confusion {unknown}


   Skills:
 - Level 10.2 Fighting
 - Level 22.1 Long Blades
 + Level 7.5 Armour
 - Level 2.1 Dodging


You had 12 spell levels left.
You didn't know any spells.

Dungeon Overview and Level Annotations

Branches:
Dungeon (11/15)            Temple (0/1) D:4             Orc (0/4) D:10
   Lair (6/8) D:11         Shoals (0/5) Lair:3       Spider (0/5) Lair:5
  Slime (0/6) Lair:6

Altars:
Ashenzari
Dithmenos
Elyvilon
Fedhas
Nemelex Xobeh
Vehumet
The Shining One
Jiyva


Innate Abilities, Weirdness & Mutations

You reflexively headbutt those who attack you in melee.
You have a pair of horns on your head.


Message History

The fire crab claws you.
You are engulfed in flames!
* * * LOW HITPOINT WARNING * * *
You barely miss the fire crab.
The fire crab is moderately wounded.
You are engulfed in roaring flames.
* * * LOW HITPOINT WARNING * * *
Drink which item? (? for menu, Esc to quit)
You feel much better.
You are engulfed in roaring flames.
* * * LOW HITPOINT WARNING * * *
The fire crab breathes flames at you. The blast of flame engulfs you!
* * * LOW HITPOINT WARNING * * *
Read which item? (? for menu, Esc to quit)
Blink to where?
Press: ? - help, Dir - move target cursor
As you read the scroll of blinking, it crumbles to dust.
You are very lightly contaminated with residual magic.
The fire crab breathes flames at you.
You are engulfed in roaring flames.
You die...

PP..PP.....##.............
##....P....###.............
#.....#..... #..............
#.....##...###..............
.P....#.....###..............
...........##.#........$......
#.......... #.#.......§§......
#P...P#... #..§§§..§§§§.....
#.....##.. ##§@§§§§§§t§§.....
.....P#.... #..§§§......§.....
#....PP.... #.................
##....P.......P.............>.
..............P...............
..............................
.............................
.##....#.##......##.#..##..#
..###P#.. #######.##.### ##


You could see a fire crab.

Vanquished Creatures
  Maud (Lair:6)
  Harold (Lair:2)
  4 hydras
  A hill giant (D:11)
  2 griffons
  A cyclops (D:11)
  6 elephants (Lair:4)
  2 black mambas
  4 komodo dragons
  2 kobold demonologists
  9 spiny frogs
  A fire drake (Lair:4)
  A merfolk (D:9)
  3 trolls
  2 wyverns
  18 blink frogs
  4 basilisks
  22 yaks
  A snapping turtle (Lair:3)
  A deep elf mage (D:9)
  2 hippogriffs
  14 wolves
  A steam dragon (D:11)
  5 water moccasins
  Edmund (D:7)
  4 porcupines
  3 black bears
  2 phantoms (D:5)
  4 sky beasts
  5 orc warriors
  8 centaurs
  The ghost of haldagan the Ducker, an average OpFi (D:3)
  An ogre (D:11)
  A manticore skeleton (D:8)
  5 crocodiles
  Duvessa (D:9)
  12 giant frogs
  Blork the orc (D:6)
  8 big kobolds
  A cyclops skeleton (D:11)
  5 scorpions
  2 wights
  5 killer bees (D:9)
  A centaur zombie (D:5)
  Dowan (D:9)
  2 crimson imps
  A quasit (D:11)
  6 electric eels
  4 jellies
  5 orc priests
  A giant frog skeleton (D:8)
  A gnoll shaman (D:5)
  8 hounds
  11 orc wizards
  7 iguanas
  An elf skeleton (D:11)
  A two-headed ogre skeleton (D:9)
  10 orange rats (Lair:1)
  4 worker ants
  A killer bee zombie (D:11)
  A big kobold skeleton (D:6)
  A worker ant zombie (D:7)
  18 adders
  13 gnolls
  65 green rats
  A shadow imp (D:7)
  4 giant mites
  An inept feature mimic (D:6)
  3 worms (D:2)
  An adder zombie (D:5)
  13 giant geckos
  45 orcs
  19 bats
  A bat skeleton (D:4)
  7 giant cockroaches
  15 hobgoblins
  8 jackals
  13 quokkas
  2 ball pythons
  6 giant newts
  11 goblins
  30 kobolds
  An orc skeleton (D:4)
  36 rats
  A rat zombie (D:5)
  2 ballistomycetes (D:10)
  4 fungi
565 creatures vanquished.

Vanquished Creatures (others)
  A giant spore (D:10)
  2 fungi (D:6)
  A plant (D:11)
4 creatures vanquished.

Grand Total: 569 creatures vanquished

Notes
Turn   | Place    | Note
--------------------------------------------------------------
     0 | D:1      | Kenran, the Minotaur Berserker, began the quest for the Orb.
     0 | D:1      | Reached XP level 1. HP: 19/19 MP: 1/1
    71 | D:1      | Reached skill level 4 in Long Blades
   170 | D:1      | Reached XP level 2. HP: 21/26 MP: 1/1
   549 | D:1      | Acquired Trog's second power
   788 | D:1      | Reached skill level 5 in Long Blades
   906 | D:2      | Reached XP level 3. HP: 16/31 MP: 2/2
  1498 | D:2      | Found a sparkling altar of Nemelex Xobeh.
  1652 | D:2      | Reached skill level 6 in Long Blades
  1652 | D:2      | Reached XP level 4. HP: 35/39 MP: 2/2
  1964 | D:3      | Reached XP level 5. HP: 38/45 MP: 2/2
  2032 | D:3      | Reached skill level 7 in Long Blades
  2094 | D:3      | Noticed haldagan's ghost (average OpFi)
  2104 | D:3      | Killed haldagan's ghost
  2151 | D:3      | Acquired Trog's third power
  2214 | D:3      | Reached skill level 8 in Long Blades
  2215 | D:3      | Reached XP level 6. HP: 46/51 MP: 3/3
  2667 | D:4      | Found a staircase to the Ecumenical Temple.
  3055 | D:4      | Found a radiant altar of Vehumet.
  3691 | D:5      | Entered Level 5 of the Dungeon
  3706 | D:5      | Reached skill level 9 in Long Blades
  3773 | D:5      | Reached XP level 7. HP: 49/57 MP: 2/3
  3813 | D:5      | Received a gift from Trog
  3937 | D:5      | Reached skill level 10 in Long Blades
  3975 | D:5      | Received a gift from Trog
  4530 | D:5      | Found a glowing golden altar of the Shining One.
  4822 | D:5      | Received a gift from Trog
  4824 | D:5      | Reached skill level 11 in Long Blades
  5032 | D:6      | Noticed Blork the orc
  5036 | D:6      | Killed Blork the orc
  5086 | D:6      | Found a blossoming altar of Fedhas.
  5175 | D:6      | Got a brightly glowing iron amulet
  5177 | D:6      | Identified the amulet "Khi Khif" {Clar rElec Str+1} (You found it on level 6 of the Dungeon)
  5193 | D:6      | Reached XP level 8. HP: 62/64 MP: 3/3
  5362 | D:6      | Reached skill level 12 in Long Blades
  5573 | D:7      | Found a shattered altar of Ashenzari.
  5632 | D:7      | Reached skill level 13 in Long Blades
  5871 | D:7      | Found a white marble altar of Elyvilon.
  5875 | D:7      | Found a shadowy altar of Dithmenos.
  6178 | D:7      | Noticed Edmund
  6185 | D:7      | Killed Edmund
  6474 | D:7      | Reached XP level 9. HP: 47/70 MP: 4/4
  6478 | D:7      | Reached skill level 14 in Long Blades
  7031 | D:8      | Received a gift from Trog
  7274 | D:8      | Reached skill level 15 in Long Blades
  8240 | D:9      | Reached skill level 16 in Long Blades
  8532 | D:9      | Noticed Dowan
  8534 | D:9      | Noticed Duvessa
  8538 | D:9      | Killed Dowan
  8540 | D:9      | Killed Duvessa
  8542 | D:9      | Reached XP level 10. HP: 77/77 MP: 1/4
  8752 | D:10     | Entered Level 10 of the Dungeon
  8865 | D:10     | Received a gift from Trog
  9122 | D:10     | Reached skill level 5 in Fighting
  9145 | D:10     | Found a staircase to the Orcish Mines.
 10480 | D:11     | Reached skill level 10 in Fighting
 10889 | D:11     | Received a gift from Trog
 11120 | D:11     | Reached XP level 11. HP: 88/100 MP: 4/4
 11134 | D:11     | Reached skill level 17 in Long Blades
 11156 | D:11     | Noticed a cyclops
 11189 | D:11     | Killed a cyclops
 11231 | D:11     | Found a staircase to the Lair.
 11409 | D:11     | Noticed a hill giant
 11416 | D:11     | Killed a hill giant
 11817 | Lair:1   | Entered Level 1 of the Lair of Beasts
 12679 | Lair:1   | Reached skill level 18 in Long Blades
 13610 | Lair:1   | Received a gift from Trog
 13787 | Lair:2   | Noticed a seven-headed hydra
 13796 | Lair:2   | Killed a ten-headed hydra
 14159 | Lair:2   | Noticed Harold
 14177 | Lair:2   | Killed Harold
 14177 | Lair:2   | Reached skill level 19 in Long Blades
 15240 | Lair:3   | Reached XP level 12. HP: 98/106 MP: 5/5
 15367 | Lair:3   | Found a staircase to the Shoals.
 15716 | Lair:3   | Received a gift from Trog
 15977 | Lair:3   | Reached skill level 20 in Long Blades
 16649 | Lair:3   | Identified a scroll of acquirement
 16652 | Lair:3   | Got a smoking hat
 16657 | Lair:3   | Identified the +1 hat of the Shining Light {Dex+2 Curse} (You acquired it on level 3 of the Lair of Beasts)
 16753 | Lair:4   | Received a gift from Trog
 16781 | Lair:4   | Found a labyrinth entrance.
 17235 | Lair:4   | Reached skill level 21 in Long Blades
 17894 | Lair:4   | Noticed a seven-headed hydra
 17896 | Lair:4   | Killed a six-headed hydra
 18103 | Lair:5   | Got a scintillating granite ring
 18105 | Lair:5   | Identified the ring of Doxeemud {+/*Tele Dex-4 Int+1} (You found it on level 5 of the Lair of Beasts)
 18383 | Lair:5   | Reached skill level 22 in Long Blades
 18388 | Lair:5   | Received a gift from Trog
 18584 | Lair:5   | Noticed a seven-headed hydra
 18593 | Lair:5   | Killed a four-headed hydra
 18593 | Lair:5   | Reached XP level 13. HP: 111/113 MP: 5/5
 18850 | Lair:5   | Found a hole to the Spider Nest.
 19362 | Lair:6   | Noticed Maud
 19374 | Lair:6   | Killed Maud
 19374 | Lair:6   | Reached skill level 5 in Armour
 19487 | Lair:6   | Found a viscous altar of Jiyva.
 19488 | Lair:6   | Found a staircase to the Slime Pits.
 19618 | Lair:6   | Engulfed by a fire crab's flame

Action                   |  1- 3 |  4- 6 |  7- 9 | 10-12 | 13-15 || total
-------------------------+-------+-------+-------+-------+-------++-------
Melee: Falchion          |   102 |   159 |    91 |       |       ||   352
       Scimitar          |       |       |   148 |       |       ||   148
       Great sword       |       |       |    93 |    15 |       ||   108
       Claymore          |       |       |       |   573 |    69 ||   642
Invok: Burn Spellbooks   |     1 |       |     3 |     2 |       ||     6
       Berserk           |       |     3 |     5 |     7 |     1 ||    16
  Use: Scroll            |     6 |     2 |     7 |     7 |     1 ||    23
       Potion            |       |       |     1 |     1 |     1 ||     3
  Eat: Chunk             |     2 |     2 |     1 |     8 |     3 ||    16
       Beef jerky        |       |     1 |       |     2 |       ||     3
       Meat ration       |       |     1 |     3 |     2 |       ||     6
       Pizza             |       |     1 |       |     2 |     1 ||     4
       Bread ration      |       |       |     1 |       |       ||     1
       Fruit             |       |       |       |    15 |       ||    15
       Royal jelly       |       |       |       |     1 |       ||     1
